 Dungeon Crawl Stone Soup version 0.30-a0-457-g4b7bca3bfa (webtiles) character file.

Game seed: 15273638693734413448

25 ryw the Covered (level 2, 0/26 HPs)
             Began as a Demigod Wanderer on Dec 14, 2022.
             Slain by a worm (7 damage)
             ... on level 2 of the Dungeon.
             The game lasted 00:01:44 (1215 turns).

ryw the Covered (Demigod Wanderer)                  Turns: 1215, Time: 00:01:45

Health: 0/26       AC:  9    Str: 12    XL:     2   Next: 63%
Magic:  4/4        EV:  5    Int: 10    God:
Gold:   93         SH:  0    Dex: 18    Spells: 1/1 levels left

rFire   . . .      SeeInvis .    a - +0 sling
rCold   . . .      Faith    .    (no shield)
rNeg    . . .      Spirit   .    b - +0 chain mail
rPois   .          Reflect  .    (no helmet)
rElec   .          Harm     .    (no cloak)
rCorr   .          Rampage  .    (no gloves)
Will    .....                    (no boots)
Stlth   ..........               (no amulet)
HPRegen 0.24/turn                (no ring)
MPRegen 0.09/turn                (no ring)

@: no status effects
A: high MP 1, forlorn, divine attributes
a: no special abilities


You were on level 2 of the Dungeon.
You visited 1 branch of the dungeon, and saw 2 of its levels.

You collected 93 gold pieces.

Inventory:

Hand Weapons
 a - a +0 sling (weapon)
Missiles
 g - 4 javelins
Armour
 b - a +0 chain mail (worn)
Jewellery
 o - a ring of ice
Scrolls
 c - a scroll of teleportation
 d - a scroll of fear
 e - a scroll of torment {unknown}
 j - a scroll of magic mapping {unknown}
 l - 3 scrolls of poison {unknown}
 m - a scroll of identify {unknown}
 n - a scroll of fog {unknown}
 p - 2 scrolls of summoning {unknown}
 r - a scroll of silence {unknown}
 s - a scroll of amnesia {unknown}
 t - a scroll of noise {unknown}
Potions
 f - a potion of magic {unknown}
 h - a potion of brilliance {unknown}
 i - a potion of curing {unknown}
 k - a potion of heal wounds {unknown}
 q - a potion of cancellation {unknown}


   Skills:
 + Level 3.1 Fighting
 - Level 2.0 Ranged Weapons
 + Level 4.0 Armour
 - Level 1.1 Evocations


You had one spell level left.
You didn't know any spells.
Your spell library contained the following spells:

 Spells                   Type           Power      Damage    Failure   Level
 Dazzling Flash           Conj/Hex       0%         N/A       100%        3
 Iskenderun's Mystic Bla  Conj/Tloc      0%         2d3       100%        4
 Olgreb's Toxic Radiance  Pois           0%         N/A       100%        4
 Starburst                Conj/Fire      0%         6d3       100%        6
 Ozocubu's Refrigeration  Ice            0%         4d7       100%        7
 Ignition                 Fire           0%         3d3       100%        8


Dungeon Overview and Level Annotations

Branches:
Dungeon (2/15)

Shops:
D:2 [


Innate Abilities, Weirdness & Mutations

You have an increased reservoir of magic. (+10% MP)
You shall have no god before yourself.
Your divine heritage dramatically boosts your attributes as you level up.


Message History

You shoot a sling bullet.
The sling bullet barely misses the worm.
The worm bites you.
You are too injured to fight recklessly!
You are too injured to fight recklessly!
You are too injured to fight recklessly!
You are too injured to fight recklessly!
You are too injured to fight recklessly!
You are too injured to fight recklessly!
You are too injured to fight recklessly!
You are too injured to fight recklessly!
You are too injured to fight recklessly!
Fire: a) +0 sling
Press: ? - help, Q - select action, (/) - cycle Shift-Dir - straight line, f/p - worm
Aim: a worm (moderately wounded, 79% to hit)
You shoot a sling bullet.
The sling bullet hits the worm but does no damage.
The worm is moderately wounded.
The worm bites you but does no damage.
Fire: a) +0 sling
Press: ? - help, Q - select action, (/) - cycle Shift-Dir - straight line, f/p - worm
Aim: a worm (lightly wounded, 79% to hit)
You shoot a sling bullet. The sling bullet hits the worm.
The worm is moderately wounded.
The worm bites you but does no damage.
Fire: a) +0 sling
Press: ? - help, Q - select action, (/) - cycle Shift-Dir - straight line, f/p - worm
Aim: a worm (moderately wounded, 79% to hit)
You shoot a sling bullet.
The sling bullet hits the worm but does no damage.
The worm is moderately wounded.
The worm bites you!
* * * LOW HITPOINT WARNING * * *
Fire: a) +0 sling
Press: ? - help, Q - select action, (/) - cycle Shift-Dir - straight line, f/p - worm
Aim: a worm (lightly wounded, 79% to hit)
You shoot a sling bullet. The sling bullet hits the worm!
The worm is heavily wounded.
The worm bites you!
You die...

### ##.## #...# ... #
... #.##.# #..w.# #@#
.# ##'## . ... #
##...## . .. # .
##.....## .##.#
#####.. #.......##
##.#.# ......
#.........####....#
......
+.........'.......#
.####
#.........####....#
.#
##.......######.#.###


You could see a worm.

Vanquished Creatures
  A ball python (D:2)
  A bat (D:2)
  2 endoplasms (D:1)
  2 giant cockroaches (D:1)
  5 jackals
  2 quokkas
  A frilled lizard (D:1)
  3 goblins
  A kobold (D:1)
  3 rats
21 creatures vanquished.

Vanquished Creatures (others)
  2 plants (D:2)
2 creatures vanquished.

Grand Total: 23 creatures vanquished

Notes
Turn   | Place    | Note
-------+----------+-------------------------------------------
     0 | D:1      | ryw the Demigod Wanderer began the quest for the Orb.
     0 | D:1      | ryw set off with the following items: a +0 sling, a +0
                  | chain mail, a scroll of teleportation, a scroll of fear.
     0 | D:1      | Reached XP level 1. HP: 18/18 MP: 3/3
   285 | D:1      | Reached XP level 2. HP: 25/25 MP: 4/4
  1059 | D:2      | Reached skill level 4 in Armour
  1067 | D:2      | Found Oppys's Antique Armour Boutique.
  1215 | D:2      | Slain by a worm

Illustrated notes

Levels and vault maps discovered:
D:1:      nagdon_arrival_double_spiral, layout_basic, dreamdust_princess_bridge,
          st_stairs_12, roderic_nine_men_s_morris
D:2:      layout_loops_corners, serial_shops, nicolae_shop_overgrown_old_shop

Skill      XL: |  1  2 |
---------------+-------+-----
Ranged Weapons | 2 |  2.0
Fighting       | 3 |  3.1
Armour         | 4 |  4.0
Evocations     | |  1.1

Action                   || total
-------------------------++-------
 Fire: Sling             ||    84
Armor: Chain mail        ||    65
Dodge: Dodged            ||    26

Table legend: (Time is in decaauts)
 A = Elapsed time spent in this place.
 B = Non-inter-level travel time spent in this place.
 C = Inter-level travel time spent in this place.
 D = Time resting spent in this place.
 E = Time spent auto-exploring this place.
 F = Levels seen in this place.
 G = Mean time per level.
                   A        B        C        D        E       F      G
               +--------+--------+--------+--------+--------+-----+--------+
         Total |   1286 |   1242 |     44 |      0 |    989 |   2 |  643.0 |
       Dungeon |   1286 |   1242 |     44 |      0 |    989 |   2 |  643.0 |
               +--------+--------+--------+--------+--------+-----+--------+

Top non-repeatable levels by time:
     D:1: 673 daAuts
     D:2: 612 daAuts
